3L
PHILADELPHIA 1776 BC @ ROCKY MOUNTAIN NUGGETS
08/09/2025
 
TOP OF THE 1ST
Philadelphia 1776 BC batting - Pitching for Rocky Mountain Nuggets : RHP Hunter Wilson
Pitching: RHP Hunter Wilson
Batting: RHB Jesús Orozco 0-0: Ball
1-0: SINGLE (Groundball, 6MD)
Batting: RHB António Granados 0-0: Ball
1-0: Ball
2-0: Called Strike
2-1: Called Strike
2-2: Ball
3-2: Base on Balls
Jesús Orozco to second
Batting: LHB Cliff Aldridge 0-0: Foul Ball, location: 2F
0-1: Ball
1-1: Ground out 3-1 (Groundball, 3S)
Jesús Orozco to third
António Granados to second
Batting: RHB Patrizio Vanali 0-0: Called Strike
0-1: Fly out, F9 (Flyball, 9S)
Batting: RHB Dave Morris 0-0: SINGLE (Flyball, 6MD)
Jesús Orozco scores
António Granados to third
Runner from 3rd tries for Home, SAFE, no throw
Batting: LHB Phil Ritchie 0-0: Ball
1-0: Called Strike
1-1: Foul Ball, location: 2F
1-2: Foul Ball, location: 2F
1-2: Strikes out swinging
Top of the 1st over - 2 run(s), 2 hit(s), 0 error(s), 1 left on base; Philadelphia 1776 2 - Rocky Mountain 0
BOTTOM OF THE 1ST
Rocky Mountain Nuggets batting - Pitching for Philadelphia 1776 BC : RHP Pedro Rodríguez
Pitching: RHP Pedro Rodríguez
Batting: RHB Mark Melton 0-0: Foul Ball, location: 2F
0-1: Ball
1-1: Foul Ball, location: 2F
1-2: Fly out, F5 (Line Drive, 5)
Batting: RHB Mike Green 0-0: Swinging Strike
0-1: Ball
1-1: Fly out, F2 (Popup, 13S)
Batting: LHB Javier Sánchez 0-0: Fly out, F8 (Flyball, 78D)
Bottom of the 1st over - 0 run(s), 0 hit(s), 0 error(s), 0 left on base; Philadelphia 1776 2 - Rocky Mountain 0
TOP OF THE 2ND
Philadelphia 1776 BC batting - Pitching for Rocky Mountain Nuggets : RHP Hunter Wilson
Batting: SHB Jesús Cabańe 0-0: Ball
1-0: SINGLE (Groundball, 4MD)
Batting: RHB Russell Jackson 0-0: Ball
1-0: Ball
2-0: Ball
3-0: Called Strike
3-1: Called Strike
3-2: Fly out, F6 (Line Drive, 6)
Lined into DP, 6-3 (Line Drive, 6)
Batting: RHB Jesús Rodríguez 0-0: Ball
1-0: Ground out 5-3 (Groundball, 25)
Top of the 2nd over - 0 run(s), 1 hit(s), 0 error(s), 0 left on base; Philadelphia 1776 2 - Rocky Mountain 0
BOTTOM OF THE 2ND
Rocky Mountain Nuggets batting - Pitching for Philadelphia 1776 BC : RHP Pedro Rodríguez
Batting: RHB Andrés Rodríguez 0-0: Ball
1-0: Called Strike
1-1: Swinging Strike
1-2: Strikes out looking
Batting: LHB Juan Ríos 0-0: Called Strike
0-1: Foul Ball, location: 2F
0-2: Foul Ball, location: 2F
0-2: Fly out, F7 (Flyball, 7LMF)
Batting: RHB Javier Martínez 0-0: Called Strike
0-1: Ball
1-1: Ball
2-1: Swinging Strike
2-2: Ground out 5-3 (Groundball, 56)
Bottom of the 2nd over - 0 run(s), 0 hit(s), 0 error(s), 0 left on base; Philadelphia 1776 2 - Rocky Mountain 0
TOP OF THE 3RD
Philadelphia 1776 BC batting - Pitching for Rocky Mountain Nuggets : RHP Hunter Wilson
Batting: RHB Jesús Orozco 0-0: Foul Ball, location: 2F
0-1: Ball
1-1: Foul Ball, location: 2F
1-2: Ball
2-2: Foul Ball, location: 2F
2-2: Ground out U3 (Groundball, 34S)
Batting: RHB António Granados 0-0: Ball
1-0: Called Strike
1-1: Ground out 6-3 (Groundball, 6)
Batting: LHB Cliff Aldridge 0-0: Called Strike
0-1: Ball
1-1: Fly out, F7 (Flyball, 78S)
Top of the 3rd over - 0 run(s), 0 hit(s), 0 error(s), 0 left on base; Philadelphia 1776 2 - Rocky Mountain 0
BOTTOM OF THE 3RD
Rocky Mountain Nuggets batting - Pitching for Philadelphia 1776 BC : RHP Pedro Rodríguez
Batting: RHB Michael Riley 0-0: Ball
1-0: Called Strike
1-1: Swinging Strike
1-2: SINGLE (Line Drive, 56D)
Batting: RHB Paul Smith 0-0: Called Strike
0-1: Foul Ball, location: 2F
0-2: Ball
1-2: Strikes out swinging
Batting: RHB Gary Chalmers 0-0: Called Strike
0-1: Foul Ball, location: 2F
0-2: Ball
1-2: SINGLE (Line Drive, 9LS)
Michael Riley to second
Runner from 2nd tries for 3rd, OUT!
Gary Chalmers to second
Batting: RHB Mark Melton 0-0: Ball
1-0: SINGLE (Line Drive, 89S)
Gary Chalmers to third
Runner from 3rd tries for Home, SAFE, no throw
Batting: RHB Mike Green 0-0: Ball
1-0: Foul Ball, location: 2F
1-1: Ball
2-1: 2-RUN HOME RUN (Flyball, 7D), Distance : 388 ft
Batting: LHB Javier Sánchez 0-0: Called Strike
0-1: Ball
1-1: Ball
2-1: Foul Ball, location: 2F
2-2: Foul Ball, location: 2F
2-2: Foul Ball, location: 2F
2-2: Fly out, F5 (Flyball, 5D)
Bottom of the 3rd over - 3 run(s), 4 hit(s), 0 error(s), 0 left on base; Philadelphia 1776 2 - Rocky Mountain 3
TOP OF THE 4TH
Philadelphia 1776 BC batting - Pitching for Rocky Mountain Nuggets : RHP Hunter Wilson
Batting: RHB Patrizio Vanali 0-0: Called Strike
0-1: Called Strike
0-2: Ball
1-2: Ball
2-2: Ground out 6-3 (Groundball, 6)
Batting: RHB Dave Morris 0-0: Ball
1-0: Foul Ball, location: 2F
1-1: Fly out, F6 (Line Drive, 6M)
Batting: LHB Phil Ritchie 0-0: Called Strike
0-1: Ground out 4-3 (Groundball, 4MD)
Top of the 4th over - 0 run(s), 0 hit(s), 0 error(s), 0 left on base; Philadelphia 1776 2 - Rocky Mountain 3
BOTTOM OF THE 4TH
Rocky Mountain Nuggets batting - Pitching for Philadelphia 1776 BC : RHP Pedro Rodríguez
Batting: RHB Andrés Rodríguez 0-0: Ball
1-0: Swinging Strike
1-1: Foul Ball, location: 2F
1-2: Foul Ball, location: 2F
1-2: Foul Ball, location: 2F
1-2: SINGLE (Line Drive, 9LS)
Batting: LHB Juan Ríos 0-0: Called Strike
0-1: Ball
1-1: Fly out, F8 (Line Drive, 78M)
Batting: RHB Javier Martínez 0-0: Fly out, F8 (Flyball, 8LXD)
Batting: RHB Michael Riley 0-0: Foul Ball, location: 2F
0-1: Called Strike
0-2: Ball
1-2: Ball
2-2: Fly out, F9 (Flyball, 9LS)
Bottom of the 4th over - 0 run(s), 1 hit(s), 0 error(s), 1 left on base; Philadelphia 1776 2 - Rocky Mountain 3
TOP OF THE 5TH
Philadelphia 1776 BC batting - Pitching for Rocky Mountain Nuggets : RHP Hunter Wilson
Batting: SHB Jesús Cabańe 0-0: Swinging Strike
0-1: Fly out, F9 (Flyball, 89M)
Batting: RHB Russell Jackson 0-0: Ball
1-0: Called Strike
1-1: Ball
2-1: Ground out 4-3 (Groundball, 4)
Batting: RHB Jesús Rodríguez 0-0: Ball
1-0: Called Strike
1-1: Ball
2-1: Foul Ball, location: 2F
2-2: SINGLE (Flyball, 78S)
Batting: RHB Jesús Orozco 0-0: Called Strike
0-1: Ball
Jesús Rodríguez steals 2nd base
1-1: Ground out 6-3 (Groundball, 6)
Top of the 5th over - 0 run(s), 1 hit(s), 0 error(s), 1 left on base; Philadelphia 1776 2 - Rocky Mountain 3
BOTTOM OF THE 5TH
Rocky Mountain Nuggets batting - Pitching for Philadelphia 1776 BC : RHP Pedro Rodríguez
Batting: RHB Paul Smith 0-0: Foul Ball, location: 2F
0-1: Foul Ball, location: 2F
0-2: Ball
1-2: Ball
2-2: Ground out 4-3 (Groundball, 4)
Batting: RHB Gary Chalmers 0-0: SOLO HOME RUN (Flyball, 78XD), Distance : 427 ft
Batting: RHB Mark Melton 0-0: Called Strike
0-1: Called Strike
0-2: Strikes out swinging
Batting: RHB Mike Green 0-0: SINGLE (Groundball, 6D)
Batting: LHB Javier Sánchez 0-0: SINGLE (Flyball, 89S)
Mike Green to second
Runner from 2nd tries for 3rd, SAFE, no throw
Batting: RHB Andrés Rodríguez 0-0: Ball
1-0: Called Strike
1-1: Foul Ball, location: 2F
1-2: Ball
2-2: Ground out 5-3 (Groundball, 2L)
Bottom of the 5th over - 1 run(s), 3 hit(s), 0 error(s), 2 left on base; Philadelphia 1776 2 - Rocky Mountain 4
TOP OF THE 6TH
Philadelphia 1776 BC batting - Pitching for Rocky Mountain Nuggets : RHP Hunter Wilson
Batting: RHB António Granados 0-0: Ball
1-0: Foul Ball, location: 2F
1-1: Called Strike
1-2: Ground out 6-3 (Groundball, 6M)
Batting: LHB Cliff Aldridge 0-0: Ball
1-0: Foul Ball, location: 2F
1-1: Fly out, F5 (Popup, 5D)
Batting: RHB Patrizio Vanali 0-0: Called Strike
0-1: Ball
1-1: Ball
2-1: Swinging Strike
2-2: Foul Ball, location: 2F
2-2: Foul Ball, location: 2F
2-2: Ground out 5-3 (Groundball, 5L)
Top of the 6th over - 0 run(s), 0 hit(s), 0 error(s), 0 left on base; Philadelphia 1776 2 - Rocky Mountain 4
BOTTOM OF THE 6TH
Rocky Mountain Nuggets batting - Pitching for Philadelphia 1776 BC : RHP Pedro Rodríguez
Batting: LHB Juan Ríos 0-0: Fly out, F8 (Flyball, 8RS)
Batting: RHB Javier Martínez 0-0: Foul Ball, location: 2F
0-1: Swinging Strike
0-2: Ball
1-2: Foul Ball, location: 2F
1-2: Ball
2-2: Ball
3-2: Ground out 1-3 (Groundball, 13)
Batting: RHB Michael Riley 0-0: Ball
1-0: SOLO HOME RUN (Flyball, 7D), Distance : 382 ft
Batting: RHB Paul Smith 0-0: Ground out 5-3 (Groundball, 56)
Bottom of the 6th over - 1 run(s), 1 hit(s), 0 error(s), 0 left on base; Philadelphia 1776 2 - Rocky Mountain 5
TOP OF THE 7TH
Philadelphia 1776 BC batting - Pitching for Rocky Mountain Nuggets : RHP Hunter Wilson
Now at C: Juan Sánchez
Now in RF: José Martínez
Batting: RHB Dave Morris 0-0: Ball
1-0: Foul Ball, location: 2F
1-1: SINGLE (Groundball, 56D)
Batting: LHB Phil Ritchie 0-0: Called Strike
0-1: Grounds into double play, 4-6-3 (Groundball, 4)
Batting: SHB Jesús Cabańe 0-0: Ball
1-0: Foul Ball, location: 2F
1-1: Swinging Strike
1-2: Ground out 3-1 (Groundball, 34S)
Top of the 7th over - 0 run(s), 1 hit(s), 0 error(s), 0 left on base; Philadelphia 1776 2 - Rocky Mountain 5
BOTTOM OF THE 7TH
Rocky Mountain Nuggets batting - Pitching for Philadelphia 1776 BC : RHP Pedro Rodríguez
Batting: SHB Juan Sánchez 0-0: Ball
1-0: Ground out 3-1 (Groundball, 34S)
Batting: RHB Mark Melton 0-0: Ball
1-0: SINGLE (Groundball, 56D)
Pitching: RHP Ken Frost
Batting: RHB Mike Green 0-0: Called Strike
0-1: Swinging Strike
0-2: Strikes out swinging
Batting: LHB Javier Sánchez 0-0: SINGLE (Groundball, 13S) (infield hit)
Mark Melton to second
Batting: RHB Andrés Rodríguez 0-0: Ball
Wild Pitch!
Mark Melton to third
Javier Sánchez to second
1-0: Called Strike
1-1: Ball
2-1: Swinging Strike
2-2: Foul Ball, location: 2F
2-2: Ball
3-2: Strikes out swinging
Bottom of the 7th over - 0 run(s), 2 hit(s), 0 error(s), 2 left on base; Philadelphia 1776 2 - Rocky Mountain 5
TOP OF THE 8TH
Philadelphia 1776 BC batting - Pitching for Rocky Mountain Nuggets : RHP Hunter Wilson
Batting: RHB Russell Jackson 0-0: Swinging Strike
0-1: Ball
1-1: Foul Ball, location: 2F
1-2: Ball
2-2: Ball
3-2: Foul Ball, location: 2F
3-2: Foul Ball, location: 2F
3-2: Foul Ball, location: 2F
3-2: Fly out, F7 (Flyball, 7)
Batting: RHB Jesús Rodríguez 0-0: Ball
1-0: Foul Ball, location: 2F
1-1: Ball
2-1: Ball
3-1: Foul Ball, location: 2F
3-2: Foul Ball, location: 2F
3-2: Foul Ball, location: 2F
3-2: Foul Ball, location: 2F
3-2: Base on Balls
Pitching: RHP Cole Hall
Batting: RHB Jesús Orozco 0-0: Foul Ball, location: 2F
0-1: SINGLE (Groundball, 6D)
Jesús Rodríguez to second
Pitching: RHP Ricardo Campos
Batting: RHB António Granados 0-0: Called Strike
0-1: Foul Ball, location: 2F
0-2: Ball
1-2: Foul Ball, location: 2F
1-2: Foul Ball, location: 2F
1-2: Strikes out swinging
Pitching: LHP Pedro Pacheco
Batting: LHB Cliff Aldridge 0-0: Ground out U3 (Groundball, 34)
Top of the 8th over - 0 run(s), 1 hit(s), 0 error(s), 2 left on base; Philadelphia 1776 2 - Rocky Mountain 5
BOTTOM OF THE 8TH
Rocky Mountain Nuggets batting - Pitching for Philadelphia 1776 BC : RHP Ken Frost
Batting: LHB Juan Ríos 0-0: Ball
1-0: Ball
2-0: Ground out 1-3 (Groundball, 15S)
Batting: RHB Javier Martínez 0-0: Called Strike
0-1: Ball
1-1: Foul Ball, location: 2F
1-2: Foul Ball, location: 2F
1-2: Ball
2-2: Ball
3-2: DOUBLE (Line Drive, 7LM)
Batting: LHB José Martínez 0-0: Ball
1-0: Ball
2-0: Fly out, F9 (Flyball, 89D)
Runner from 2nd tags up, SAFE at 3rd, no throw
Batting: RHB Paul Smith 0-0: Ball
1-0: Ground out 5-3 (Groundball, 56S)
Bottom of the 8th over - 0 run(s), 1 hit(s), 0 error(s), 1 left on base; Philadelphia 1776 2 - Rocky Mountain 5
TOP OF THE 9TH
Philadelphia 1776 BC batting - Pitching for Rocky Mountain Nuggets : LHP Pedro Pacheco
Pitching: RHP Juan Carlos Herrera
Batting: RHB Patrizio Vanali 0-0: Swinging Strike
0-1: Ball
1-1: Ball
2-1: Foul Ball, location: 2F
2-2: Ground out 4-3 (Groundball, 4)
Batting: RHB Dave Morris 0-0: Ball
1-0: Called Strike
1-1: Foul Ball, location: 2F
1-2: Foul Ball, location: 2F
1-2: Ball
2-2: Fly out, F2 (Popup, 13S)
Batting: LHB Phil Ritchie 0-0: Called Strike
0-1: Ball
1-1: TRIPLE (Flyball, 8RXD)
Batting: SHB Jesús Cabańe 0-0: Called Strike
0-1: Ball
1-1: Called Strike
1-2: Strikes out swinging
Top of the 9th over - 0 run(s), 1 hit(s), 0 error(s), 1 left on base; Philadelphia 1776 2 - Rocky Mountain 5
Friday, December 30th, 2016 - OOTP Baseball 17.12 Build 75